[ PARTIDA AOE2 · #459532503 ]
Team RMVikingos vs Portuguese
[ ANÁLISIS DE REPETICIÓN · EXTRAÍDO DE LA PARTIDA GRABADA ]
Feudal
16:09
Castillos
26:00
Imperial
41:44
| APM promedio | 47.9 |
| APM pico | 96 |
| eAPM promedio | 21.1 |
| Aldeanos / militares | 70 / 174 |
Foco
⚔️ 27.3% · 🌾 72.7%
Knight ×89 · Spearman ×62 · Berserk ×22 · Fishing Ship ×13 · Monk ×1
Feudal
15:41
Castillos
26:30
Imperial
—
| APM promedio | 26.7 |
| APM pico | 47 |
| eAPM promedio | 16.1 |
| Aldeanos / militares | 68 / 84 |
Foco
⚔️ 33.5% · 🌾 66.5%
Organ Gun ×56 · Battering Ram ×23 · Mangonel ×3 · Spearman ×2
Feudal
13:37
Castillos
20:43
Imperial
39:10
| APM promedio | 36.5 |
| APM pico | 78 |
| eAPM promedio | 22.2 |
| Aldeanos / militares | 92 / 15 |
Foco
⚔️ 34.2% · 🌾 65.8%
Fishing Ship ×24 · Mangonel ×4 · Battering Ram ×4 · Trebuchet (Packed) ×4 · Unknown (2626) ×3 · Monk ×3
Feudal
12:28
Castillos
27:29
Imperial
—
| APM promedio | 56.2 |
| APM pico | 152 |
| eAPM promedio | 21.9 |
| Aldeanos / militares | 106 / 97 |
Foco
⚔️ 28.2% · 🌾 71.8%
Cavalry Archer ×68 · Camel Scout ×16 · Scout Cavalry ×13
Mapa de la partida
Recursos al inicio + cada clic de construcción. Línea gruesa = muro · recuadro discontinuo = muro de casas detectado. 🟡 oro · ⚪ piedra · 🟢 bayas · 🔶 jabalí · ⭕ reliquia
Inputs por minuto
— nakal - - [Los Sanguinarios] Daro087
Build order — nakal
Primeras 150 de 253 acciones detectadas
| 0:25 | Construir | Town Center |
| 0:56 | Construir | Dock |
| 1:03 | Construir | House |
| 3:25 | Crear | Villager (Male) |
| 3:25 | Crear | Villager (Male) |
| 3:25 | Crear | Villager (Male) |
| 3:26 | Crear | Villager (Male) |
| 3:26 | Crear | Villager (Male) |
| 4:21 | Construir | House |
| 4:38 | Crear | Villager (Male) |
| 4:38 | Crear | Villager (Male) |
| 5:25 | Crear | Villager (Male) |
| 5:37 | Crear | Villager (Male) |
| 5:50 | Crear | Fishing Ship |
| 6:08 | Crear | Villager (Male) |
| 6:21 | Crear | Fishing Ship |
| 6:21 | Crear | Fishing Ship |
| 6:30 | Construir | House |
| 6:47 | Crear | Villager (Male) |
| 7:22 | Construir | Lumber Camp |
| 7:30 | Investigar | Loom |
| 7:38 | Crear | Villager (Male) |
| 7:38 | Crear | Villager (Male) |
| 7:47 | Construir | House |
| 8:12 | Crear | Fishing Ship |
| 8:13 | Crear | Fishing Ship |
| 8:49 | Crear | Fishing Ship |
| 8:49 | Crear | Fishing Ship |
| 9:30 | Crear | Villager (Male) |
| 9:53 | Crear | Villager (Male) |
| 10:29 | Construir | House |
| 10:31 | Construir | House |
| 10:33 | Crear | Fishing Ship ×4 |
| 10:37 | Crear | Villager (Male) |
| 11:04 | Crear | Villager (Male) |
| 11:13 | Crear | Fishing Ship |
| 11:13 | Crear | Fishing Ship |
| 11:31 | Construir | Mill |
| 12:05 | Crear | Villager (Male) |
| 12:35 | Crear | Villager (Male) |
| 12:39 | Construir | House |
| 13:17 | Construir | House |
| 13:25 | Construir | House |
| 13:29 | Crear | Villager (Male) |
| 13:40 | Construir | Barracks |
| 13:59 | Investigar | Feudal Age |
| 13:59 | Investigar | Feudal Age |
| 14:40 | Construir | House |
| 14:44 | Construir | House |
| 14:55 | Construir | Farm |
| 14:56 | Construir | Farm |
| 15:02 | Construir | Farm |
| 15:09 | Construir | Farm |
| 15:27 | Construir | Mining Camp |
| 15:36 | Construir | Farm |
| 16:09 | Edad | Edad Feudal |
| 16:14 | Construir | Mining Camp |
| 16:19 | Crear | Spearman |
| 16:20 | Crear | Villager (Male) |
| 16:23 | Construir | Farm |
| 16:23 | Crear | Villager (Male) |
| 16:32 | Construir | Stable |
| 16:52 | Construir | Stable |
| 17:18 | Crear | Spearman |
| 17:19 | Crear | Spearman |
| 17:41 | Crear | Villager (Male) |
| 17:42 | Crear | Villager (Male) |
| 17:42 | Crear | Villager (Male) |
| 17:56 | Construir | Farm |
| 18:15 | Construir | Market |
| 18:27 | Crear | Villager (Male) |
| 18:29 | Crear | Villager (Male) |
| 19:22 | Construir | Farm |
| 19:23 | Crear | Villager (Male) |
| 19:29 | Construir | Lumber Camp |
| 19:37 | Crear | Villager (Male) |
| 19:46 | Crear | Villager (Male) |
| 19:55 | Crear | Spearman |
| 19:55 | Crear | Spearman |
| 20:30 | Crear | Villager (Male) |
| 20:57 | Construir | Stable |
| 21:15 | Crear | Villager (Male) |
| 21:34 | Construir | Farm |
| 21:44 | Construir | Farm |
| 21:49 | Construir | Farm |
| 21:55 | Construir | Farm |
| 21:58 | Crear | Villager (Male) |
| 22:00 | Crear | Villager (Male) |
| 22:26 | Crear | Villager (Male) |
| 23:11 | Crear | Villager (Male) |
| 23:20 | Investigar | Castle Age |
| 23:30 | Investigar | Horse Collar |
| 23:30 | Investigar | Horse Collar |
| 23:33 | Investigar | Double-Bit Axe |
| 23:34 | Investigar | Double-Bit Axe |
| 24:05 | Investigar | Arson |
| 24:05 | Investigar | Arson |
| 25:04 | Crear | Spearman |
| 25:04 | Crear | Spearman |
| 25:04 | Crear | Spearman |
| 25:29 | Construir | Blacksmith |
| 25:32 | Construir | House |
| 25:51 | Construir | Stone Wall |
| 25:58 | Construir | Building 490 |
| 26:00 | Edad | Edad de los Castillos |
| 26:02 | Crear | Villager (Male) |
| 26:53 | Construir | Town Center |
| 26:56 | Crear | Villager (Male) |
| 26:58 | Crear | Villager (Male) |
| 27:24 | Construir | Castle |
| 27:26 | Crear | Villager (Male) |
| 27:35 | Crear | Villager (Male) |
| 27:45 | Investigar | Bow Saw |
| 27:45 | Investigar | Bow Saw |
| 27:52 | Investigar | Pikeman (upgrade) |
| 27:53 | Investigar | Pikeman (upgrade) |
| 27:53 | Investigar | Squires |
| 28:05 | Crear | Villager (Male) |
| 28:13 | Construir | Stone Wall |
| 28:24 | Construir | Building 487 |
| 28:40 | Crear | Knight |
| 28:47 | Crear | Villager (Male) |
| 28:48 | Crear | Villager (Male) |
| 28:48 | Crear | Villager (Male) |
| 28:57 | Crear | Spearman ×5 |
| 28:57 | Crear | Spearman ×5 |
| 28:58 | Crear | Spearman ×5 |
| 28:58 | Crear | Spearman ×4 |
| 29:46 | Crear | Spearman ×2 |
| 29:46 | Crear | Spearman ×2 |
| 29:52 | Investigar | Forging |
| 29:53 | Investigar | Scale Mail Armor |
| 29:53 | Investigar | Scale Mail Armor |
| 29:58 | Crear | Villager (Male) |
| 30:05 | Construir | Lumber Camp |
| 30:11 | Crear | Villager (Male) |
| 30:18 | Construir | Mill |
| 30:20 | Crear | Villager (Male) |
| 30:23 | Construir | Farm |
| 30:27 | Investigar | Fletching |
| 30:28 | Investigar | Fletching |
| 30:59 | Crear | Villager (Male) |
| 31:05 | Crear | Knight ×5 |
| 31:06 | Crear | Knight |
| 31:06 | Crear | Knight |
| 31:13 | Construir | Farm |
| 31:17 | Construir | Farm |
| 31:21 | Investigar | Scale Barding Armor |
| 31:21 | Investigar | Scale Barding Armor |
| 31:28 | Investigar | Fletching |
Build order — [Los Sanguinarios] Daro087
Primeras 150 de 216 acciones detectadas
| 0:04 | Construir | Town Center |
| 1:22 | Construir | House |
| 2:22 | Investigar | Loom |
| 2:22 | Crear | Villager (Male) |
| 2:22 | Crear | Villager (Male) |
| 2:22 | Crear | Villager (Male) |
| 2:44 | Construir | House |
| 3:00 | Construir | House |
| 3:04 | Construir | House |
| 3:26 | Crear | Villager (Male) |
| 3:27 | Crear | Villager (Male) |
| 4:01 | Crear | Villager (Male) |
| 4:18 | Construir | House |
| 4:59 | Crear | Villager (Male) |
| 4:59 | Crear | Villager (Male) |
| 5:00 | Crear | Villager (Male) |
| 5:01 | Construir | House |
| 5:19 | Construir | Palisade Wall |
| 5:21 | Construir | Palisade Wall |
| 5:23 | Construir | Palisade Wall |
| 5:41 | Construir | Palisade Wall |
| 5:48 | Construir | Palisade Wall |
| 5:50 | Crear | Villager (Male) |
| 5:50 | Crear | Villager (Male) |
| 7:03 | Crear | Villager (Male) |
| 7:03 | Crear | Villager (Male) |
| 7:03 | Crear | Villager (Male) |
| 7:49 | Crear | Villager (Male) |
| 7:49 | Crear | Villager (Male) |
| 7:49 | Crear | Villager (Male) |
| 7:50 | Crear | Villager (Male) |
| 7:55 | Construir | Palisade Wall |
| 7:56 | Construir | Palisade Wall |
| 7:58 | Construir | Palisade Wall |
| 8:48 | Crear | Villager (Male) |
| 8:49 | Crear | Villager (Male) |
| 8:49 | Crear | Villager (Male) |
| 8:49 | Crear | Villager (Male) |
| 8:49 | Crear | Villager (Male) |
| 9:13 | Construir | Mill |
| 9:32 | Construir | House |
| 10:06 | Crear | Villager (Male) |
| 10:49 | Construir | Mining Camp |
| 10:53 | Construir | Farm |
| 10:54 | Crear | Villager (Male) |
| 10:57 | Crear | Villager (Male) |
| 11:36 | Construir | House |
| 11:55 | Construir | Farm |
| 11:56 | Construir | Farm |
| 12:23 | Crear | Villager (Male) |
| 12:50 | Crear | Villager (Male) |
| 12:53 | Construir | Farm |
| 13:31 | Investigar | Feudal Age |
| 13:31 | Investigar | Feudal Age |
| 13:49 | Construir | Farm |
| 13:53 | Construir | House |
| 14:02 | Construir | Barracks |
| 14:12 | Crear | Villager (Male) |
| 15:41 | Edad | Edad Feudal |
| 16:01 | Construir | Watch Tower |
| 16:40 | Construir | Watch Tower |
| 16:43 | Crear | Spearman |
| 16:45 | Crear | Villager (Male) |
| 16:46 | Crear | Villager (Male) |
| 17:01 | Crear | Spearman |
| 17:05 | Crear | Villager (Male) |
| 17:05 | Crear | Villager (Male) |
| 17:23 | Construir | Watch Tower |
| 17:38 | Construir | Watch Tower |
| 17:53 | Crear | Villager (Male) |
| 17:56 | Construir | Palisade Wall |
| 17:57 | Construir | Palisade Wall |
| 17:58 | Construir | Palisade Wall |
| 17:59 | Construir | Palisade Wall |
| 18:12 | Construir | Market |
| 18:30 | Construir | Blacksmith |
| 18:31 | Crear | Villager (Male) |
| 19:14 | Construir | Watch Tower |
| 19:17 | Crear | Villager (Male) |
| 19:21 | Construir | Farm |
| 19:22 | Crear | Villager (Male) |
| 19:38 | Construir | Watch Tower |
| 19:59 | Crear | Villager (Male) |
| 20:02 | Construir | Mining Camp |
| 20:29 | Crear | Villager (Male) |
| 21:14 | Crear | Villager (Male) |
| 21:24 | Investigar | Fletching |
| 21:36 | Crear | Villager (Male) |
| 22:39 | Construir | House |
| 22:40 | Construir | House |
| 23:04 | Crear | Villager (Male) |
| 23:05 | Crear | Villager (Male) |
| 23:49 | Investigar | Castle Age |
| 24:18 | Construir | House |
| 24:22 | Construir | House |
| 24:42 | Crear | Villager (Male) |
| 24:43 | Crear | Villager (Male) |
| 25:27 | Crear | Villager (Male) |
| 26:03 | Crear | Villager (Male) |
| 26:03 | Crear | Villager (Male) |
| 26:03 | Crear | Villager (Male) |
| 26:25 | Crear | Villager (Male) |
| 26:25 | Crear | Villager (Male) |
| 26:30 | Edad | Edad de los Castillos |
| 26:37 | Construir | Siege Workshop |
| 26:57 | Crear | Mangonel |
| 27:11 | Crear | Villager (Male) |
| 27:11 | Crear | Villager (Male) |
| 27:57 | Construir | Castle |
| 28:36 | Crear | Villager (Male) |
| 28:36 | Crear | Villager (Male) |
| 29:16 | Construir | Mining Camp |
| 29:18 | Crear | Villager (Male) |
| 29:19 | Crear | Villager (Male) |
| 29:19 | Crear | Villager (Male) |
| 29:27 | Crear | Organ Gun |
| 29:27 | Crear | Organ Gun |
| 29:27 | Crear | Organ Gun |
| 30:04 | Crear | Villager (Male) |
| 30:13 | Crear | Organ Gun |
| 30:18 | Crear | Villager (Male) |
| 30:28 | Crear | Organ Gun |
| 31:06 | Crear | Organ Gun |
| 31:14 | Crear | Villager (Male) |
| 31:14 | Crear | Villager (Male) |
| 31:14 | Crear | Villager (Male) |
| 31:26 | Crear | Villager (Male) |
| 31:36 | Crear | Mangonel |
| 32:04 | Crear | Organ Gun |
| 32:05 | Crear | Organ Gun |
| 32:05 | Crear | Organ Gun |
| 32:05 | Crear | Organ Gun |
| 32:24 | Crear | Mangonel |
| 33:06 | Crear | Villager (Male) |
| 33:06 | Crear | Villager (Male) |
| 33:08 | Construir | Lumber Camp |
| 34:02 | Crear | Organ Gun |
| 34:02 | Crear | Organ Gun |
| 34:03 | Crear | Organ Gun |
| 34:18 | Crear | Organ Gun |
| 34:26 | Crear | Battering Ram |
| 34:26 | Crear | Battering Ram |
| 34:41 | Crear | Organ Gun |
| 35:38 | Crear | Organ Gun |
| 35:38 | Crear | Organ Gun |
| 35:38 | Crear | Organ Gun |
| 35:44 | Crear | Organ Gun |
| 35:44 | Crear | Organ Gun |
| 35:44 | Crear | Organ Gun |
| 36:09 | Construir | Castle |
Build order — jajita
Primeras 150 de 244 acciones detectadas
| 0:29 | Construir | Town Center |
| 1:00 | Construir | Dock |
| 1:03 | Construir | House |
| 2:35 | Crear | Villager (Male) |
| 2:35 | Crear | Fishing Ship |
| 2:38 | Crear | Villager (Male) |
| 2:38 | Crear | Villager (Male) |
| 2:38 | Crear | Villager (Male) |
| 2:39 | Crear | Villager (Male) |
| 3:45 | Crear | Fishing Ship |
| 3:59 | Construir | House |
| 4:08 | Investigar | Loom |
| 4:17 | Construir | Palisade Wall |
| 4:36 | Construir | Palisade Wall |
| 4:39 | Construir | Palisade Wall |
| 4:43 | Crear | Villager (Male) |
| 4:43 | Crear | Villager (Male) |
| 4:50 | Construir | Palisade Wall |
| 4:56 | Construir | Palisade Wall |
| 4:58 | Construir | Palisade Wall |
| 4:59 | Construir | Palisade Wall |
| 5:01 | Construir | Palisade Wall |
| 5:12 | Crear | Villager (Male) |
| 5:52 | Crear | Villager (Male) |
| 6:03 | Crear | Fishing Ship |
| 6:04 | Crear | Fishing Ship |
| 6:22 | Crear | Villager (Male) |
| 6:46 | Construir | House |
| 6:50 | Crear | Villager (Male) |
| 7:27 | Crear | Villager (Male) |
| 7:41 | Construir | House |
| 7:47 | Crear | Villager (Male) |
| 7:48 | Crear | Villager (Male) |
| 7:50 | Crear | Fishing Ship |
| 7:51 | Construir | House |
| 8:19 | Crear | Villager (Male) |
| 8:34 | Crear | Fishing Ship |
| 8:34 | Crear | Fishing Ship |
| 8:34 | Crear | Fishing Ship |
| 8:58 | Crear | Villager (Male) |
| 9:31 | Crear | Villager (Male) |
| 9:32 | Crear | Villager (Male) |
| 9:35 | Construir | House |
| 10:14 | Construir | House |
| 10:19 | Construir | Palisade Wall |
| 10:22 | Construir | Palisade Wall |
| 10:24 | Construir | Palisade Wall |
| 10:26 | Crear | Fishing Ship |
| 10:28 | Construir | Palisade Wall |
| 10:31 | Construir | Palisade Wall |
| 10:33 | Construir | Palisade Wall |
| 10:35 | Crear | Villager (Male) |
| 10:35 | Crear | Villager (Male) |
| 10:48 | Construir | Lumber Camp |
| 10:54 | Construir | Mill |
| 11:05 | Crear | Villager (Male) |
| 11:18 | Crear | Fishing Ship |
| 11:33 | Investigar | Feudal Age |
| 11:36 | Construir | House |
| 12:18 | Construir | Mining Camp |
| 13:01 | Crear | Villager (Male) |
| 13:18 | Construir | Dock |
| 13:37 | Edad | Edad Feudal |
| 13:47 | Crear | Unit 2626 |
| 13:47 | Crear | Unit 2626 |
| 14:03 | Construir | House |
| 14:06 | Crear | Villager (Male) |
| 14:06 | Crear | Villager (Male) |
| 14:07 | Crear | Villager (Male) |
| 14:27 | Crear | Unit 2626 |
| 14:59 | Investigar | Double-Bit Axe |
| 16:00 | Construir | House |
| 16:02 | Construir | House |
| 16:04 | Construir | Palisade Wall |
| 16:06 | Construir | Palisade Wall |
| 16:30 | Construir | Palisade Wall |
| 16:32 | Construir | Palisade Wall |
| 16:34 | Construir | Palisade Wall |
| 16:48 | Crear | Villager (Male) |
| 16:49 | Crear | Villager (Male) |
| 17:08 | Construir | Market |
| 17:22 | Construir | Palisade Wall |
| 17:24 | Construir | Palisade Wall |
| 17:27 | Construir | Palisade Wall |
| 17:48 | Construir | Blacksmith |
| 17:51 | Crear | Villager (Male) |
| 18:17 | Investigar | Castle Age |
| 18:18 | Investigar | Castle Age |
| 19:13 | Investigar | Fletching |
| 19:30 | Construir | Watch Tower |
| 20:09 | Construir | Watch Tower |
| 20:43 | Edad | Edad de los Castillos |
| 21:15 | Construir | Siege Workshop |
| 21:20 | Crear | Villager (Male) |
| 21:51 | Construir | Mining Camp |
| 21:52 | Crear | Villager (Male) |
| 22:02 | Crear | Mangonel |
| 22:10 | Investigar | Bodkin Arrow |
| 22:14 | Crear | Villager (Male) |
| 22:14 | Crear | Villager (Male) |
| 23:05 | Crear | Villager (Male) |
| 23:05 | Crear | Villager (Male) |
| 23:06 | Crear | Villager (Male) |
| 23:14 | Crear | Mangonel |
| 23:36 | Crear | Villager (Male) |
| 24:25 | Construir | Lumber Camp |
| 24:38 | Construir | House |
| 24:40 | Construir | House |
| 24:42 | Construir | House |
| 24:44 | Construir | Palisade Wall |
| 24:48 | Construir | House |
| 24:50 | Construir | House |
| 25:49 | Crear | Villager (Male) |
| 25:49 | Crear | Villager (Male) |
| 25:50 | Crear | Villager (Male) |
| 25:50 | Crear | Villager (Male) |
| 25:50 | Crear | Villager (Male) |
| 25:50 | Crear | Villager (Male) |
| 25:51 | Crear | Villager (Male) |
| 26:31 | Construir | Mining Camp |
| 26:41 | Construir | Dock |
| 26:44 | Crear | Fishing Ship |
| 26:44 | Crear | Fishing Ship |
| 26:47 | Crear | Fishing Ship |
| 26:48 | Crear | Fishing Ship |
| 27:17 | Investigar | Bow Saw |
| 27:34 | Construir | Farm |
| 27:35 | Crear | Villager (Male) |
| 27:36 | Crear | Villager (Male) |
| 27:36 | Crear | Villager (Male) |
| 27:41 | Investigar | Stone Mining |
| 28:12 | Construir | House |
| 29:13 | Construir | Town Center |
| 29:35 | Investigar | Wheelbarrow |
| 29:36 | Investigar | Town Watch |
| 29:43 | Crear | Fishing Ship |
| 29:44 | Crear | Fishing Ship |
| 29:44 | Crear | Fishing Ship |
| 29:44 | Crear | Fishing Ship |
| 29:44 | Crear | Fishing Ship |
| 29:52 | Construir | Dock |
| 30:43 | Crear | Battering Ram |
| 30:46 | Crear | Battering Ram |
| 31:06 | Crear | Villager (Male) |
| 31:06 | Crear | Villager (Male) |
| 31:07 | Crear | Villager (Male) |
| 31:19 | Construir | Siege Workshop |
| 31:23 | Construir | Mining Camp |
| 31:42 | Crear | Battering Ram |
| 31:54 | Crear | Mangonel |
Build order — [Los Sanguinarios] Terrifier
Primeras 150 de 258 acciones detectadas
| 0:28 | Construir | Town Center |
| 0:55 | Construir | House |
| 2:43 | Crear | Villager (Male) |
| 2:43 | Crear | Villager (Male) |
| 2:43 | Crear | Villager (Male) |
| 2:53 | Crear | Villager (Male) |
| 2:53 | Crear | Villager (Male) |
| 2:53 | Crear | Villager (Male) |
| 2:53 | Crear | Villager (Male) |
| 2:53 | Crear | Villager (Male) |
| 2:53 | Crear | Villager (Male) |
| 2:54 | Crear | Villager (Male) |
| 2:54 | Crear | Villager (Male) |
| 3:53 | Crear | Villager (Male) |
| 3:53 | Crear | Villager (Male) |
| 3:53 | Crear | Villager (Male) |
| 4:27 | Construir | Lumber Camp |
| 4:34 | Crear | Villager (Male) |
| 4:34 | Crear | Villager (Male) |
| 4:34 | Crear | Villager (Male) |
| 4:34 | Crear | Villager (Male) |
| 4:34 | Crear | Villager (Male) |
| 5:04 | Crear | Villager (Male) |
| 5:04 | Crear | Villager (Male) |
| 5:04 | Crear | Villager (Male) |
| 5:04 | Crear | Villager (Male) |
| 5:04 | Crear | Villager (Male) |
| 5:35 | Construir | House |
| 5:59 | Crear | Villager (Male) |
| 5:59 | Crear | Villager (Male) |
| 5:59 | Crear | Villager (Male) |
| 5:59 | Crear | Villager (Male) |
| 6:38 | Construir | Mill |
| 6:45 | Crear | Villager (Male) |
| 6:46 | Crear | Villager (Male) |
| 6:46 | Crear | Villager (Male) |
| 6:46 | Crear | Villager (Male) |
| 7:32 | Construir | House |
| 7:46 | Crear | Villager (Male) |
| 7:46 | Crear | Villager (Male) |
| 7:46 | Crear | Villager (Male) |
| 7:47 | Crear | Villager (Male) |
| 7:47 | Crear | Villager (Male) |
| 8:29 | Crear | Villager (Male) |
| 8:48 | Construir | Barracks |
| 9:11 | Crear | Villager (Male) |
| 9:25 | Investigar | Loom |
| 9:26 | Investigar | Loom |
| 10:24 | Investigar | Feudal Age |
| 11:00 | Construir | House |
| 12:28 | Edad | Edad Feudal |
| 12:35 | Construir | Stable |
| 12:42 | Crear | Villager (Male) |
| 12:55 | Construir | Blacksmith |
| 13:21 | Crear | Scout Cavalry |
| 13:21 | Crear | Scout Cavalry |
| 13:21 | Crear | Scout Cavalry |
| 13:22 | Crear | Scout Cavalry |
| 13:49 | Investigar | Scale Barding Armor |
| 13:49 | Investigar | Scale Barding Armor |
| 13:49 | Investigar | Scale Barding Armor |
| 13:54 | Construir | House |
| 14:36 | Construir | Farm |
| 14:44 | Construir | Farm |
| 14:49 | Construir | Farm |
| 14:53 | Construir | Farm |
| 15:44 | Crear | Scout Cavalry |
| 16:21 | Crear | Villager (Male) |
| 16:21 | Crear | Villager (Male) |
| 16:26 | Crear | Scout Cavalry |
| 16:26 | Crear | Scout Cavalry |
| 17:13 | Construir | Mining Camp |
| 17:14 | Crear | Villager (Male) |
| 17:15 | Crear | Villager (Male) |
| 17:43 | Crear | Villager (Male) |
| 17:43 | Crear | Villager (Male) |
| 18:02 | Construir | Farm |
| 18:05 | Construir | Farm |
| 18:07 | Construir | Farm |
| 18:09 | Construir | Farm |
| 18:30 | Construir | House |
| 18:38 | Construir | Farm |
| 18:42 | Construir | Farm |
| 18:45 | Investigar | Horse Collar |
| 18:45 | Investigar | Horse Collar |
| 18:45 | Investigar | Horse Collar |
| 19:24 | Crear | Villager (Male) |
| 19:30 | Construir | House |
| 20:02 | Crear | Villager (Male) |
| 20:19 | Investigar | Forging |
| 20:19 | Investigar | Forging |
| 20:23 | Investigar | Bloodlines |
| 20:24 | Investigar | Bloodlines |
| 20:31 | Crear | Villager (Male) |
| 20:50 | Construir | Farm |
| 20:53 | Construir | Farm |
| 21:25 | Crear | Scout Cavalry |
| 21:25 | Crear | Scout Cavalry |
| 21:26 | Crear | Scout Cavalry |
| 21:49 | Construir | Market |
| 21:57 | Construir | Farm |
| 22:21 | Crear | Scout Cavalry |
| 22:21 | Crear | Scout Cavalry |
| 23:03 | Crear | Scout Cavalry |
| 23:36 | Crear | Villager (Male) |
| 23:59 | Construir | Farm |
| 24:01 | Construir | Farm |
| 25:04 | Investigar | Castle Age |
| 25:04 | Investigar | Castle Age |
| 25:04 | Investigar | Castle Age |
| 25:08 | Construir | House |
| 25:12 | Construir | House |
| 25:31 | Investigar | Double-Bit Axe |
| 25:31 | Investigar | Double-Bit Axe |
| 25:52 | Construir | House |
| 26:32 | Construir | House |
| 27:00 | Construir | Farm |
| 27:29 | Edad | Edad de los Castillos |
| 27:38 | Crear | Villager (Male) |
| 27:38 | Crear | Villager (Male) |
| 27:55 | Construir | Town Center |
| 28:00 | Crear | Villager (Male) |
| 28:38 | Crear | Villager (Male) |
| 28:38 | Crear | Villager (Male) |
| 29:11 | Crear | Villager (Male) |
| 29:11 | Crear | Villager (Male) |
| 29:15 | Construir | Farm |
| 29:17 | Construir | Farm |
| 29:19 | Construir | Farm |
| 29:22 | Construir | Farm |
| 29:29 | Crear | Camel Scout |
| 29:29 | Crear | Camel Scout |
| 29:30 | Crear | Camel Scout |
| 29:30 | Crear | Camel Scout |
| 29:36 | Crear | Villager (Male) |
| 29:36 | Crear | Villager (Male) |
| 29:36 | Crear | Villager (Male) |
| 29:36 | Crear | Villager (Male) |
| 30:47 | Construir | Archery Range |
| 30:51 | Crear | Villager (Male) |
| 30:51 | Crear | Villager (Male) |
| 30:51 | Crear | Villager (Male) |
| 30:51 | Crear | Villager (Male) |
| 30:52 | Crear | Villager (Male) |
| 31:10 | Construir | Archery Range |
| 31:18 | Investigar | Padded Archer Armor |
| 31:18 | Investigar | Padded Archer Armor |
| 31:19 | Investigar | Fletching |
| 31:19 | Investigar | Fletching |
| 32:15 | Construir | Archery Range |
Cronología de la partida
| 0:56 | nakal · first_building Dock |
| 1:00 | jajita · first_building Dock |
| 4:17 | jajita · wall_segment Palisade Wall x1 |
| 4:36 | jajita · wall_segment Palisade Wall x1 |
| 4:39 | jajita · wall_segment Palisade Wall x1 |
| 4:50 | jajita · wall_segment Palisade Wall x1 |
| 4:56 | jajita · wall_segment Palisade Wall x1 |
| 4:58 | jajita · wall_segment Palisade Wall x1 |
| 4:59 | jajita · wall_segment Palisade Wall x1 |
| 5:01 | jajita · wall_segment Palisade Wall x1 |
| 5:19 | [Los Sanguinarios] Daro087 · wall_segment Palisade Wall x1 |
| 5:21 | [Los Sanguinarios] Daro087 · wall_segment Palisade Wall x1 |
| 5:23 | [Los Sanguinarios] Daro087 · wall_segment Palisade Wall x1 |
| 5:41 | [Los Sanguinarios] Daro087 · wall_segment Palisade Wall x1 |
| 5:48 | [Los Sanguinarios] Daro087 · wall_segment Palisade Wall x1 |
| 7:55 | [Los Sanguinarios] Daro087 · wall_segment Palisade Wall x1 |
| 7:56 | [Los Sanguinarios] Daro087 · wall_segment Palisade Wall x1 |
| 7:58 | [Los Sanguinarios] Daro087 · wall_segment Palisade Wall x1 |
| 8:48 | [Los Sanguinarios] Terrifier · first_building Barracks |
| 10:19 | jajita · wall_segment Palisade Wall x1 |
| 10:22 | jajita · wall_segment Palisade Wall x1 |
| 10:24 | jajita · wall_segment Palisade Wall x1 |
| 10:28 | jajita · wall_segment Palisade Wall x1 |
| 10:31 | jajita · wall_segment Palisade Wall x1 |
| 10:33 | jajita · wall_segment Palisade Wall x1 |
| 12:28 | [Los Sanguinarios] Terrifier · age_up feudal |
| 12:35 | [Los Sanguinarios] Terrifier · first_building Stable |
| 13:37 | jajita · age_up feudal |
| 13:40 | nakal · first_building Barracks |
| 14:02 | [Los Sanguinarios] Daro087 · first_building Barracks |
| 15:41 | [Los Sanguinarios] Daro087 · age_up feudal |
| 16:04 | jajita · wall_segment Palisade Wall x1 |
| 16:06 | jajita · wall_segment Palisade Wall x1 |
| 16:09 | nakal · age_up feudal |
| 16:30 | jajita · wall_segment Palisade Wall x1 |
| 16:32 | jajita · wall_segment Palisade Wall x1 |
| 16:32 | nakal · first_building Stable |
| 16:34 | jajita · wall_segment Palisade Wall x1 |
| 17:22 | jajita · wall_segment Palisade Wall x1 |
| 17:24 | jajita · wall_segment Palisade Wall x1 |
| 17:27 | jajita · wall_segment Palisade Wall x1 |
| 17:51 | jajita · first_market_sell 100 food |
| 17:56 | [Los Sanguinarios] Daro087 · wall_segment Palisade Wall x1 |
| 17:57 | [Los Sanguinarios] Daro087 · wall_segment Palisade Wall x1 |
| 17:58 | [Los Sanguinarios] Daro087 · wall_segment Palisade Wall x1 |
| 17:59 | [Los Sanguinarios] Daro087 · wall_segment Palisade Wall x1 |
| 18:54 | [Los Sanguinarios] Daro087 · first_market_sell 100 wood |
| 18:59 | [Los Sanguinarios] Daro087 · first_market_buy 100 stone |
| 20:03 | nakal · first_market_buy 100 food |
| 20:43 | jajita · age_up castle |
| 21:15 | jajita · first_building Siege Workshop |
| 24:08 | [Los Sanguinarios] Terrifier · first_market_buy 100 food |
| 24:44 | jajita · wall_segment Palisade Wall x1 |
| 25:51 | nakal · wall_segment Stone Wall x13 |
| 26:00 | nakal · age_up castle |
| 26:12 | nakal · first_market_sell 100 wood |
| 26:30 | [Los Sanguinarios] Daro087 · age_up castle |
| 26:37 | [Los Sanguinarios] Daro087 · first_building Siege Workshop |
| 27:24 | nakal · first_building Castle |
| 27:29 | [Los Sanguinarios] Terrifier · age_up castle |
| 27:57 | [Los Sanguinarios] Daro087 · first_building Castle |
| 28:13 | nakal · wall_segment Stone Wall x8 |
| 30:47 | [Los Sanguinarios] Terrifier · first_building Archery Range |
| 31:01 | [Los Sanguinarios] Terrifier · first_market_sell 100 food |
| 32:24 | nakal · first_building Monastery |
| 35:00 | jajita · first_building Castle |
| 39:10 | jajita · age_up imperial |
| 41:44 | nakal · age_up imperial |
| 42:55 | jajita · first_building Monastery |
| 44:51 | jajita · tribute_sent a jugador 1 |
| 44:51 | jajita · tribute_sent a jugador 3 |
| 44:51 | jajita · tribute_sent a jugador 4 |
| 46:26 | jajita · first_market_buy 100 food |
| 48:14 | [Los Sanguinarios] Terrifier · resign |
[ ANÁLISIS IA · 1 CRÉDITO ]
¿Qué pasó realmente en esta partida?
Wolo.gg analiza cada decisión: build order, eco, micro, errores típicos por bracket. Análisis personalizado por WhatsApp o Discord en 30 segundos.
Guía civ
Vikingos
Guía mapa
Nomad
Perfil
Jugador #300786